 Dungeon Crawl Stone Soup version 0.28-a0-1365-g7e0445c96d (webtiles) character file.

Game seed: 14877097203521781477

65 ChaosChampion the Skirmisher (level 4, -6/48 HPs)
             Began as an Ogre Warper on Dec 31, 2021.
             Mangled by an ogre (18 damage)
             ... on level 3 of the Dungeon.
             The game lasted 00:03:01 (2738 turns).

ChaosChampion the Skirmisher (Ogre Warper)          Turns: 2738, Time: 00:03:02

Health: -6/48      AC:  3    Str: 17    XL:     4   Next: 14%
Magic:  8/8        EV:  9    Int: 14    God:
Gold:   43         SH:  0    Dex:  8    Spells: 9/9 levels left

rFire   . . .      SeeInvis .   a - +0 mace
rCold   . . .      Faith    .   h - orb {light}
rNeg    . . .      Spirit   .   b - +0 robe
rPois   .          Reflect  .   (helmet restricted)
rElec   .          Harm     .   (no cloak)
rCorr   .          Rampage  .   (gloves unavailable)
Will    .....                   (boots unavailable)
Stlth   +.........              e - amulet of magic regeneration
HPRegen 0.16/turn               (no ring)
MPRegen 0.51/turn               (no ring)

@: glowing
A: large, unfitting armour, tough skin 1
a: no special abilities


You were on level 3 of the Dungeon.
You visited 1 branch of the dungeon, and saw 3 of its levels.

You collected 43 gold pieces.

Inventory:

Hand Weapons
 a - a +0 mace (weapon)
Missiles
 d - 5 boomerangs of dispersal
 g - 16 poisoned darts (quivered)
Armour
 b - a +0 robe (worn)
 h - an orb of light (worn)
Jewellery
 e - an amulet of magic regeneration (around neck)
Scrolls
 c - 2 scrolls of blinking
 f - a scroll of noise {unknown}
Potions
 i - 2 potions of attraction {unknown}
 l - a potion of curing {unknown}


   Skills:
 + Level 3.7 Fighting
 + Level 2.4 Maces & Flails
 - Level 1.0 Throwing
 - Level 2.1 Dodging
 + Level 3.1 Spellcasting
 + Level 3.2 Translocations


You had 9 spell levels left.
You didn't know any spells.
Your spell library contained the following spells:

 Spells                   Type           Power      Damage    Failure   Level
 Blink                    Tloc           22%        N/A       9%          2
 Gell's Gravitas          Tloc           11%        N/A       17%         3
 Lesser Beckoning         Tloc           11%        N/A       17%         3
 Teleport Other           Tloc           11%        N/A       17%         3
 Ensorcelled Hibernation  Hex/Ice        4%         N/A       32%         2
 Spider Form              Tmut/Pois      2%         N/A       54%         3
 Manifold Assault         Tloc           11%        N/A       83%         5


Dungeon Overview and Level Annotations

Branches:
Dungeon (3/15)

Altars:


Innate Abilities, Weirdness & Mutations

You are too large for most types of armour.
You have tough skin. (AC +1)


Message History

A ball python comes into view.
The ball python hisses angrily.
You hit the ball python.
You kill the ball python!
Found 21 stones.
An ogre comes into view. It is wielding a +0 giant club.
Found an escape hatch in the ceiling.
The adder hisses angrily.
Found a spear.
The adder barely misses you.
You hit the adder.
The adder is heavily wounded.
The adder bites you. The adder bites you but does no damage.
You closely miss the adder.
The adder is heavily wounded.
The adder bites you but does no damage. x2
You hit the adder.
The adder is severely wounded.
The adder bites you.
You hit the adder but do no damage.
The adder is severely wounded.
The adder closely misses you. The adder bites you but does no damage.
You completely miss the adder.
The adder is severely wounded.
The adder closely misses you. The adder bites you.
You sock the adder!
You kill the adder!
You have reached level 4!
You hit the ogre.
The ogre is lightly wounded.
The ogre hits you with a +0 giant club!
You barely miss the ogre.
The ogre is lightly wounded.
The ogre hits you with a +0 giant club!!
Ouch! That really hurt!
* * * LOW HITPOINT WARNING * * *
You hear the slow rusting of a very distant drain.
There is an open door here.
The ogre hits you with a +0 giant club!!
You die...

##################
#.................
#.################
##@####### # #.O......# #
#........# #
#.......#.......(##########
#.......#........#...##<...
#.......#........#...######
#..(O...#........#...'.....
#.......#........#...#####.
#.......#............#####.


You could see an ogre.

Vanquished Creatures
  2 adders
  A worm (D:2)
  A dart slug (D:1)
  6 endoplasms
  3 giant cockroaches
  2 goblins (D:1)
  3 hobgoblins
  5 jackals
  A quokka (D:1)
  5 ball pythons
  3 bats
  A frilled lizard (D:1)
  3 kobolds
  A rat (D:2)
37 creatures vanquished.

Vanquished Creatures (others)
  A ball python (D:1)
1 creature vanquished.

Grand Total: 38 creatures vanquished

Notes
Turn   | Place    | Note
-------+----------+-------------------------------------------
     0 | D:1      | ChaosChampion the Ogre Warper began the quest for the Orb.
     0 | D:1      | Reached XP level 1. HP: 22/22 MP: 3/3
   303 | D:1      | Reached XP level 2. HP: 20/31 MP: 5/5
   457 | D:1      | Found a faded altar of an unknown god.
  1343 | D:2      | Reached XP level 3. HP: 33/37 MP: 7/7
  2692 | D:3      | Noticed an ogre
  2703 | D:3      | Reached XP level 4. HP: 41/48 MP: 8/8
  2738 | D:3      | Mangled by an ogre

Illustrated notes

Levels and vault maps discovered:
D:1:      shiori_arrival_oz, layout_basic, shapermc_ecumenical_altar_venn,
          minmay_misc_feat_roman, kennysheep_another_room
D:2:      cheibrodos_helix_gallery, layout_loops_corners
D:3:      layout_basic, gammafunk_temple_overflow_claw, gup_sewer_entry_pipe

Skill      XL: |  1  2  3 |
---------------+----------+-----
Fighting       | 3 |  3.7
Maces & Flails | 2 |  2.4
Translocations | 3 |  3.2
Spellcasting   | 3 |  3.1
Throwing       | |  1.0
Dodging        | |  2.1

Action                   |  1- 3 |  4- 6 || total
-------------------------+-------+-------++-------
Melee: Mace              |   115 |     2 ||   117
Throw: Dart              |     2 |       ||     2
  Use: Scroll            |     4 |       ||     4
Armor: Robe              |    54 |       ||    54
Dodge: Dodged            |    85 |       ||    85

Table legend: (Time is in decaauts)
 A = Elapsed time spent in this place.
 B = Non-inter-level travel time spent in this place.
 C = Inter-level travel time spent in this place.
 D = Time resting spent in this place.
 E = Time spent auto-exploring this place.
 F = Levels seen in this place.
 G = Mean time per level.
                   A        B        C        D        E       F      G
               +--------+--------+--------+--------+--------+-----+--------+
         Total |   2774 |   2724 |     50 |    481 |   1733 |   3 |  924.7 |
       Dungeon |   2774 |   2724 |     50 |    481 |   1733 |   3 |  924.7 |
               +--------+--------+--------+--------+--------+-----+--------+

Top non-repeatable levels by time:
     D:1: 1333 daAuts
     D:2: 1284 daAuts
     D:3: 156 daAuts
